 Dungeon Crawl Stone Soup version 0.18.1-47-g9310371 (webtiles) character file.

114591 Necrotakul the Tortoise (level 16, -7/149 HPs)
             Began as a Minotaur Berserker on June 12, 2016.
             Was the Champion of Trog.
             Shot with a stone by a faun (10 damage)
             ... led by a satyr
             ... on level 2 of the Shoals on June 18, 2016.
             The game lasted 01:47:31 (30393 turns).

Necrotakul the Tortoise (Minotaur Berserker)       Turns: 30393, Time: 01:47:32

Health: -7/149     AC: 17    Str: 26    XL:     16   Next: 16%
Magic:  0/15       EV: 18    Int:  5    God:    Trog [******]
Gold:   1178       SH: 14    Dex: 20    Spells: 0 memorised, 15 levels left

rFire  . . .     SeeInvis .     U - +10 broad axe of Trog's Wrath {freeze, rC- rN+ Str+2 Dex+3}
rCold  . . .     Gourm    .     g - +1 scale mail "Karicim" {+Inv rN++}
rNeg   + + +     Faith    .     u - +0 shield
rPois  +         Spirit   +     (helmet restricted)
rElec  .         Dismiss  .     (no cloak)
rCorr  .         Reflect  .     E - +1 pair of gloves {Dex+3}
SustAt .         Harm     .     H - +0 pair of boots
MR     +++..                    l - amulet of guardian spirit
Stlth  +.........               s - ring of poison resistance
                                z - ring of protection from cold

@: mesmerised, regenerating, slowed, very slow, extremely resistant to hostile
enchantments, very unstealthy
A: retaliatory headbutt, horns 2
a: Berserk, Trog's Hand, Brothers in Arms, Burn Spellbooks, Renounce Religion,
Evoke Invisibility


You were on level 2 of the Shoals.
You worshipped Trog.
Trog was exalted by your worship.
You were not hungry.

You visited 5 branches of the dungeon, and saw 28 of its levels.
You also visited: Volcano.

You collected 3421 gold pieces.
You spent 2243 gold pieces at shops.

Inventory:

Hand Weapons
 U - the +10 broad axe of Trog's Wrath (weapon) {freeze, rC- rN+ Str+2 Dex+3}
   (Trog gifted it to you on level 2 of the Orcish Mines)

   It has been specially enchanted to freeze those struck by it, causing extra
   injury to most foes and up to half again as much damage against particularly
   susceptible opponents.
   It can also slow down cold-blooded creatures.
   It affects your strength (+2).
   It affects your dexterity (+3).
   It makes you vulnerable to cold.
   It protects you from negative energy.
Missiles
 x - 5 exploding tomahawks (quivered)
Armour
 g - the +1 scale mail "Karicim" (worn) {+Inv rN++}
   (You bought it in a shop on level 1 of the Orcish Mines)

   It greatly protects you from negative energy.
   It lets you turn invisible.
 u - a +0 shield (worn)
 E - a +1 pair of gloves of dexterity (worn)
 H - a +0 pair of boots (worn)
Jewellery
 a - an uncursed ring of protection from fire
 l - an amulet of guardian spirit (around neck)
 m - an uncursed ring of positive energy
 s - a ring of poison resistance (right hand)
 w - an uncursed ring of resist corrosion
 z - a ring of protection from cold (left hand)
Wands
 f - a wand of iceblast (1/15)
 y - a wand of digging (13/24)
 G - a wand of lightning (5/15)
 J - a wand of acid (6/15)
 O - a wand of disintegration (11/24)
 Y - a wand of teleportation (6/9)
Scrolls
 b - 3 scrolls of blinking {unknown}
 e - a scroll of vulnerability {unknown}
 h - 16 scrolls of remove curse
 j - 3 scrolls of enchant weapon
 k - 5 scrolls of teleportation
 n - 4 scrolls of magic mapping
 t - a scroll of identify
 A - 4 scrolls of fear
 B - 5 scrolls of recharging
 C - 2 scrolls of enchant armour
 K - a scroll of brand weapon {unknown}
 M - a scroll of silence {unknown}
 S - 4 scrolls of immolation
 W - a scroll of noise {unknown}
Potions
 d - 3 potions of curing
 i - 4 potions of haste
 o - a potion of invisibility
 p - 4 potions of might
 r - 3 potions of cancellation
 v - 8 potions of agility
 D - a potion of heal wounds
 Q - 2 potions of berserk rage
 T - a potion of resistance {unknown}
 X - 3 potions of flight
 Z - a potion of cure mutation
Comestibles
 c - 17 bread rations
 q - 7 meat rations
 F - 4 slices of pizza
 I - 2 royal jellies
 L - 5 beef jerkies
 N - 6 chunks of flesh
 P - 22 fruits


   Skills:
 - Level 15.0 Fighting
 - Level 14.3(16.7) Axes
   Level 14.8(17.0) Maces & Flails
 - Level 20.0 Armour
 - Level 10.5 Dodging
 + Level 11.7 Shields


You had 15 spell levels left.
You didn't know any spells.

Dungeon Overview and Level Annotations

Branches:
Dungeon (15/15)            Temple (1/1) D:7            Lair (8/8) D:8
 Shoals (2/4) Lair:6       Spider (0/4) Lair:3        Slime (0/6) Lair:7
    Orc (2/2) D:10            Elf (0/3) Orc:2        Vaults (0/5) D:14
 Depths (0/5) D:15

Altars:
Ashenzari
Cheibriados
Dithmenos
Elyvilon
Fedhas
Gozag
Kikubaaqudgha
Makhleb
Nemelex Xobeh
Okawaru
Pakellas
Qazlal
Ru
Sif Muna
Trog
Vehumet
Xom
Yredelemnul
Zin
The Shining One
Jiyva

Shops:
D:6 [   D:9 !   D:12 (=   D:13 (   Orc:1 [   Orc:2 *=[(   Shoals:1 *

Portals:
Hell: Lair:8

Annotations:
D:8 exclusion: ice statue


Innate Abilities, Weirdness & Mutations

You reflexively headbutt those who attack you in melee.
You have a pair of horns on your head.


Message History

The shadowy forms in the deep grow still as others approach.
The merfolk avatar chants its luring song.
The faun hits you with an enchanted spear!
* * * LOW HITPOINT WARNING * * *
The faun unwields an uncursed spear.
The faun wields an uncursed hunting sling.
The faun shoots a stone.
You block the stone.
You hear a splash.
You block the drowned soul's attack.
Your unstable footing causes you to fumble your attack.
The merfolk avatar chants its luring song.
The faun barely misses you. The drowned soul touches you.
The drowned soul drowns you!
* * * LOW HITPOINT WARNING * * *
The drowned soul touches you. The drowned soul drowns you!
* * * LOW HITPOINT WARNING * * *
The drowned soul touches you. The drowned soul drowns you!
* * * LOW HITPOINT WARNING * * *
The faun shoots a stone.
The stone hits you!
You die...

≈≈≈≈....(.≈≈
..≈≈≈≈≈≈≈≈≈≈...###.(.≈
#..≈≈≈≈≈≈≈≈≈...# #.((.
#.≈≈≈≈≈≈≈≈≈≈....#.....
#..≈≈≈≈≈≈≈≈≈≈≈...#....
###..≈≈≈≈≈≈≈≈≈≈≈≈.......
....≈≈≈≈≈≈≈≈≈≈c≈≈.....≈≈
...≈≈≈≈≈c≈≈≈........≈≈t≈
≈≈≈≈≈≈≈@≈≈≈........≈≈≈≈≈
≈≈≈≈≈m≈≈≈≈≈≈......≈≈≈≈≈≈
≈≈≈≈≈≈≈≈≈≈≈≈≈≈≈≈≈≈
≈≈≈≈≈≈≈≈≈≈≈≈≈≈≈≈≈≈
≈≈≈≈≈≈≈≈≈≈≈≈≈≈≈≈≈≈
≈≈≈≈≈≈≈≈≈≈≈≈≈≈≈≈≈≈
≈≈≈≈≈≈≈≈≈≈≈≈≈≈≈≈≈≈
##################


You could see a merfolk avatar and 2 fauns.

Vanquished Creatures
  Rupert (D:12)
  An orc warlord (Orc:2)
  2 dire elephants
  An ettin (Orc:2)
  A merfolk impaler (Shoals:2)
  Erolcha (Orc:1)
  10 hydras
  The ghost of Anmu the Grappler, a novice TrMo of Trog (D:9)
  2 catoblepae
  5 centaur warriors
  An ogre mage (Orc:2)
  2 dancing weapons (D:14)
  A satyr (Shoals:2)
  3 death yaks (Lair:5)
  7 orc high priests (Orc:2)
  5 skeletal warriors (D:14)
  2 unseen horrors
  2 wizards
  3 sea snakes
  Pikel (D:6)
  A lindwurm (Volcano)
  7 hill giants
  4 orc knights (Orc:2)
  4 wolf spiders
  3 griffons
  An ugly thing (D:11)
  2 orc sorcerers (Orc:2)
  3 fauns (Shoals:2)
  A salamander (D:15)
  A manticore (Shoals:2)
  A sixfirhy (Lair:8)
  A deep elf mage (D:14)
  15 cyclopes
  2 sirens
  2 torpor snails
  4 black mambas
  10 elephants (Lair:7)
  A water nymph (shapeshifter) (D:13)
  4 orange demons (Lair:8)
  A smoke demon (Lair:8)
  2 gargoyles
  11 spiny frogs
  2 rime drakes
  6 komodo dragons
  A freezing wraith (D:15)
  A hellwing (Lair:8)
  An efreet (D:13)
  3 ice devils (Lair:8)
  2 red devils (Lair:8)
  5 trolls
  2 tengu conjurers (D:15)
  3 merfolk
  2 two-headed ogres
  16 blink frogs
  A boulder beetle (Lair:8)
  2 snapping turtles (Shoals:1)
  2 slime creatures (D:15)
  A water elemental (Shoals:1)
  A tarantella (shapeshifter) (D:15)
  A centaur simulacrum (D:15)
  A vampire (D:12)
  A wraith (D:14)
  5 wyverns
  3 redbacks (Orc:1)
  34 orc warriors
  10 fire bats (Volcano)
  19 hippogriffs
  3 basilisks
  65 yaks
  A warg (Lair:1)
  A mottled dragon (D:14)
  Edmund (D:6)
  19 water moccasins
  2 hell hounds
  A soldier ant (D:15)
  13 porcupines
  3 phantoms
  5 sky beasts
  4 black bears
  A wasp (D:12)
  3 ice beasts
  16 ogres
  26 wolves
  27 centaurs
  4 big kobolds
  21 crocodiles
  24 giant frogs
  2 scorpions
  5 wights (D:15)
  17 killer bees
  3 electric eels
  5 centaur zombies
  7 howler monkeys
  The ghost of Kloppie the Slasher, a weakling VSBe of Trog (D:3)
  3 crimson imps
  16 hounds
  3 jellies
  A quasit (D:11)
  4 giant frog zombies
  4 centaur skeletons
  11 orc priests
  2 giant frog skeletons
  Jessica (D:3)
  7 iguanas
  16 orc wizards
  11 worker ants
  A statue (D:7)
  A killer bee zombie (D:5)
  31 sheep
  A worker ant zombie (D:7)
  5 gnolls
  17 adders
  55 river rats
  6 shadow imps
  2 oozes
  An adder zombie (D:8)
  An adder skeleton (D:8)
  3 worms (D:2)
  4 giant geckos
  75 orcs
  2 bats
  3 giant cockroaches (D:4)
  9 hobgoblins
  11 jackals
  3 quokkas
  9 giant newts
  16 goblins
  A jackal skeleton (D:7)
  28 kobolds
  A quokka skeleton (D:4)
  10 rats
  9 fungi
  2 plants
924 creatures vanquished.

Vanquished Creatures (collateral kills)
  Snorg (Lair:3)
  Harold (D:12)
  A wasp (D:12)
3 creatures vanquished.

Vanquished Creatures (others)
  A cyclops (Shoals:1)
  4 slaves (D:7)
  A centaur (D:7)
  An orc priest (D:7)
  An orc wizard (D:10)
  2 orcs (D:7)
  26 fungi
  24 plants
60 creatures vanquished.

Grand Total: 987 creatures vanquished

Notes
Turn   | Place    | Note
--------------------------------------------------------------
     0 | D:1      | Necrotakul the Minotaur Berserker began the quest for the Orb.
     0 | D:1      | Reached XP level 1. HP: 19/19 MP: 0/0
   190 | D:1      | Reached XP level 2. HP: 22/26 MP: 1/1
   573 | D:1      | Reached skill level 5 in Maces & Flails
   578 | D:1      | Reached ** piety under Trog
   812 | D:2      | Reached XP level 3. HP: 30/31 MP: 2/2
   927 | D:2      | Reached XP level 4. HP: 33/39 MP: 3/3
  1313 | D:2      | Reached skill level 3 in Armour
  1959 | D:3      | Noticed Jessica
  1961 | D:3      | Killed Jessica
  1961 | D:3      | Reached skill level 4 in Armour
  1961 | D:3      | Reached XP level 5. HP: 45/45 MP: 4/4
  1971 | D:3      | Found an iron altar of Okawaru.
  2026 | D:3      | Reached *** piety under Trog
  2559 | D:3      | Noticed Kloppie's ghost (weakling VSBe)
  2641 | D:2      | Reached skill level 5 in Armour
  2707 | D:2      | Reached XP level 6. HP: 20/53 MP: 5/5
  3216 | D:3      | Killed Kloppie's ghost
  3216 | D:3      | Reached skill level 5 in Fighting
  3534 | D:4      | Reached XP level 7. HP: 66/66 MP: 6/6
  3744 | D:4      | Reached **** piety under Trog
  3832 | D:4      | Found a basalt altar of Yredelemnul.
  3969 | D:5      | Entered Level 5 of the Dungeon
  4022 | D:4      | Reached skill level 5 in Dodging
  4322 | D:5      | Reached XP level 8. HP: 67/73 MP: 7/7
  4356 | D:5      | Found a snail-covered altar of Cheibriados.
  4440 | D:5      | Reached skill level 6 in Armour
  4707 | D:6      | Found Ufa Popp's Armour Boutique.
  4748 | D:6      | Noticed Edmund
  4765 | D:6      | Reached skill level 7 in Armour
  4770 | D:6      | Received a gift from Trog
  4895 | D:6      | Bought a +1 pair of gloves of dexterity for 231 gold pieces
  4931 | D:6      | Killed Edmund
  4931 | D:6      | Reached skill level 8 in Armour
  5113 | D:6      | Identified Fytodde's Tome of Creative Translocation
  5117 | D:6      | Found a burning altar of Makhleb.
  5149 | D:6      | Reached skill level 9 in Armour
  5187 | D:6      | Reached skill level 10 in Armour
  5249 | D:6      | Reached XP level 9. HP: 76/79 MP: 8/8
  5344 | D:7      | Found a stormy altar of Qazlal.
  5344 | D:7      | Found a shadowy altar of Dithmenos.
  5352 | D:7      | Noticed Pikel
  5366 | D:6      | Killed Pikel
  5656 | D:7      | Reached skill level 10 in Maces & Flails
  5799 | D:7      | Found a staircase to the Ecumenical Temple.
  5808 | Temple   | Entered the Ecumenical Temple
  6276 | D:7      | Found a radiant altar of Vehumet.
  6477 | D:8      | Reached XP level 10. HP: 88/90 MP: 9/9
  6653 | D:8      | Reached ***** piety under Trog
  6693 | D:8      | Found an opulent altar of Gozag.
  6694 | D:8      | Found a sparkling altar of Nemelex Xobeh.
  6751 | D:8      | Found a staircase to the Lair.
  6817 | D:8      | Noticed an ice statue
  6946 | D:9      | Noticed Anmu's ghost (novice TrMo)
  7057 | D:9      | Upgraded the game from 0.18.1-8-gdd0e5ea to 0.18.1-47-g9310371
  7072 | D:8      | Reached skill level 10 in Fighting
  7129 | D:9      | Killed Anmu's ghost
  7459 | D:9      | Found Roheneps's Distillery.
  7474 | D:9      | Bought a potion of agility for 56 gold pieces
  7474 | D:9      | Bought a potion of might for 56 gold pieces
  7474 | D:9      | Bought a potion of curing for 42 gold pieces
  7783 | D:10     | Entered Level 10 of the Dungeon
  7787 | D:10     | Noticed a cyclops
  7961 | Lair:1   | Entered Level 1 of the Lair of Beasts
  8084 | Lair:1   | Reached skill level 10 in Dodging
  8336 | Lair:1   | Noticed a spiny frog
  8346 | Lair:1   | Killed a spiny frog
  8346 | Lair:1   | Reached XP level 11. HP: 88/99 MP: 10/10
  8406 | Lair:1   | Noticed a seven-headed hydra
  8417 | Lair:1   | Killed a seven-headed hydra
  8417 | Lair:1   | Reached skill level 11 in Armour
  8469 | Lair:1   | Received a gift from Trog
  9039 | Lair:1   | Reached skill level 1 in Axes
  9531 | Lair:1   | Noticed a seven-headed hydra
  9539 | Lair:1   | Killed a seven-headed hydra
  9855 | Lair:2   | Reached skill level 5 in Axes
 11063 | Lair:3   | Reached skill level 10 in Axes
 11096 | Lair:3   | Found a dark tunnel.
 11118 | Lair:3   | Reached XP level 12. HP: 69/106 MP: 11/11
 11132 | Volcano  | Entered a volcano
 11864 | Lair:3   | Noticed Snorg
 11871 | Lair:3   | Killed Snorg
 12042 | Lair:3   | Noticed a catoblepas
 12055 | Lair:3   | Killed a catoblepas
 12057 | Lair:3   | Received a gift from Trog
 12058 | Lair:3   | HP: 5/106 [wolf (5)]
 12679 | Lair:3   | Found a hole to the Spider Nest.
 13499 | Lair:4   | Noticed an eight-headed hydra
 13506 | Lair:4   | Killed an eight-headed hydra
 14375 | Lair:5   | Reached skill level 12 in Armour
 14423 | Lair:5   | Noticed a death yak
 14424 | Lair:5   | Noticed a death yak
 14424 | Lair:5   | Noticed a death yak
 14446 | Lair:5   | Killed a death yak
 14455 | Lair:5   | Killed a death yak
 14457 | Lair:5   | Killed a death yak
 14569 | Lair:5   | Found a bloodstained altar of Trog.
 14715 | Lair:5   | Reached XP level 13. HP: 113/113 MP: 12/12
 15240 | Lair:6   | Reached skill level 13 in Armour
 15316 | Lair:6   | Received a gift from Trog
 16663 | Lair:6   | Found a staircase to the Shoals.
 17146 | Lair:6   | HP: 4/113 [spiny frog (17)]
 17581 | Lair:7   | Reached skill level 1 in Shields
 17862 | Lair:7   | Found a viscous altar of Jiyva.
 17862 | Lair:7   | Found a staircase to the Slime Pits.
 19093 | Lair:7   | Received a gift from Trog
 19248 | Lair:7   | Reached ****** piety under Trog
 19407 | Lair:8   | Entered Level 8 of the Lair of Beasts
 19415 | Lair:8   | Got an iridescent war axe
 19416 | Lair:8   | Identified the cursed +1 war axe "Liulla Liuc" {drain, rC+ MR+ Dex-2} (You found it on level 8 of the Lair of Beasts)
 19740 | Lair:8   | Reached skill level 5 in Shields
 19761 | Lair:8   | Reached XP level 14. HP: 118/121 MP: 13/13
 20940 | Lair:8   | Found a burning altar of Makhleb.
 21006 | Lair:8   | Found a gateway to Hell.
 21027 | Lair:8   | Reached skill level 10 in Shields
 21646 | D:10     | Received a gift from Trog
 21775 | D:10     | Found a staircase to the Orcish Mines.
 22109 | D:10     | Reached skill level 14 in Armour
 22364 | Orc:1    | Entered Level 1 of the Orcish Mines
 22366 | Orc:1    | Noticed Erolcha
 22375 | Orc:1    | Killed Erolcha
 22558 | Orc:1    | Found Basch's Antique Armour Boutique.
 22564 | Orc:1    | Bought a transparent scale mail for 243 gold pieces
 22579 | Orc:1    | Identified the +1 scale mail "Karicim" {+Inv rN++} (You bought it in a shop on level 1 of the Orcish Mines)
 22951 | Orc:2    | Entered Level 2 of the Orcish Mines
 22973 | Orc:2    | Found a staircase to the Elven Halls.
 22989 | Orc:2    | Reached skill level 15 in Armour
 23030 | Orc:2    | Found Etolas Modo's Antique Weapon Shoppe.
 23149 | Orc:2    | Received a gift from Trog
 23153 | Orc:2    | Got a scorched broad axe {god gift}
 23155 | Orc:2    | Identified the +10 broad axe of Trog's Wrath {freeze, rC- rN+ Str+2 Dex+3} (Trog gifted it to you on level 2 of the Orcish Mines)
 23163 | Orc:2    | Noticed an orc warlord
 23178 | Orc:2    | Killed an orc warlord
 23178 | Orc:2    | Reached skill level 16 in Armour
 23204 | Orc:2    | Found Hiem's Antique Armour Boutique.
 23218 | Orc:2    | Bought a fine scale mail for 261 gold pieces
 23218 | Orc:2    | Bought an amber-encrusted scale mail for 261 gold pieces
 23226 | Orc:2    | Found Xaiclot's Jewellery Emporium.
 23243 | Orc:2    | Reached skill level 17 in Armour
 23547 | Orc:2    | Reached skill level 18 in Armour
 23567 | Orc:2    | Bought an uncursed ring of poison resistance for 220 gold pieces
 23567 | Orc:2    | Bought an uncursed ring of protection from fire for 275 gold pieces
 23567 | Orc:2    | Bought an uncursed ring of resist corrosion for 220 gold pieces
 23592 | Orc:2    | Identified the +1 scale mail of Jeakiz {Str+3} (You bought it in a shop on level 2 of the Orcish Mines)
 23602 | Orc:2    | Identified the +2 scale mail of Eternity {MR+} (You bought it in a shop on level 2 of the Orcish Mines)
 23665 | Orc:2    | Found Leqyowaatt's General Store.
 23779 | Orc:2    | Bought a scroll of identify for 28 gold pieces
 23779 | Orc:2    | Bought a potion of cure mutation for 350 gold pieces
 24360 | D:11     | Received a gift from Trog
 24549 | D:11     | Reached XP level 15. HP: 102/126 MP: 14/14
 24555 | D:11     | Reached skill level 19 in Armour
 25567 | D:12     | Found Waotuof's Antique Weapon Boutique.
 25575 | D:12     | Noticed Rupert
 25584 | D:12     | Killed Rupert
 25608 | D:12     | Noticed Harold
 25617 | D:12     | Killed Harold
 25689 | D:12     | Reached skill level 20 in Armour
 25731 | D:12     | Found Wuelul's Jewellery Shoppe.
 26056 | D:13     | Found Ywohir's Antique Weapon Shop.
 26230 | D:13     | Received a gift from Trog
 26598 | D:14     | Found a white marble altar of Elyvilon.
 27017 | D:14     | Found a gate to the Vaults.
 27265 | D:15     | Entered Level 15 of the Dungeon
 27532 | D:15     | Received a gift from Trog
 27853 | D:15     | Found a staircase to the Depths.
 29087 | Shoals:1 | Entered Level 1 of the Shoals
 29161 | Shoals:1 | Found Qesinwit's General Store.
 29195 | Shoals:1 | Reached skill level 15 in Fighting
 29300 | Shoals:1 | Reached XP level 16. HP: 84/149 MP: 8/15
 30393 | Shoals:2 | HP: 3/149 [drowned by a drowned soul[a merfolk avatar] (16)]
 30393 | Shoals:2 | Shot with a stone by a faun

Skill      XL: |  1  2  3  4  5  6  7  8  9 10 11 12 13 14 15 16 |
---------------+-------------------------------------------------+-----
Maces & Flails | 4 5 6 10 14 | 14.8
Armour         | 4 5 10 11 12 13 18 20 | 20.0
Fighting       | 4 7 8 10 15 | 15.0
Dodging        | 5 10 | 10.5
Axes           | 10 14 | 14.3
Shields        | 5 10 11 | 11.7

Action                   |  1- 3 |  4- 6 |  7- 9 | 10-12 | 13-15 | 16-18 || total
-------------------------+-------+-------+-------+-------+-------+-------++-------
Melee: Mace              |    50 |    80 |       |       |       |       ||   130
       Headbutt          |     8 |    31 |    52 |   111 |   377 |    18 ||   597
       Flail             |       |   104 |   226 |   339 |    14 |       ||   683
       Battleaxe         |       |       |       |   213 |     6 |       ||   219
       Great mace        |       |       |       |       |   281 |       ||   281
       War axe           |       |       |       |       |   446 |       ||   446
       Broad axe         |       |       |       |       |   573 |    55 ||   628
Invok: Berserk           |     1 |     4 |     3 |     6 |     5 |       ||    19
       Trog's Hand       |     1 |     3 |     4 |     7 |     9 |     1 ||    25
       Burn Spellbooks   |       |       |     1 |     5 |     3 |       ||     9
       Brothers in Arms  |       |       |       |     1 |     1 |       ||     2
Evoke: Wand              |       |       |       |     1 |     1 |       ||     2
  Use: Scroll            |       |     2 |     3 |     8 |    15 |     4 ||    32
       Potion            |       |       |       |     4 |     3 |     8 ||    15
 Stab: Distracted        |       |     1 |       |       |       |       ||     1
  Eat: Chunk             |     1 |    12 |    11 |    30 |    52 |     4 ||   110
       Fruit             |       |       |     2 |       |     1 |     1 ||     4
       Pizza             |       |       |     1 |       |       |       ||     1
       Royal jelly       |       |       |       |     2 |       |       ||     2
Armor: Leather armour    |     7 |    16 |       |       |       |       ||    23
       Scale mail        |       |    50 |    84 |       |   113 |    16 ||   263
       Chain mail        |       |       |    93 |   235 |       |       ||   328
       Plate armour      |       |       |       |    29 |   345 |       ||   374
Dodge: Dodged            |    31 |    94 |   149 |   405 |   646 |    42 ||  1367
Block: Shield            |       |       |       |       |   584 |    50 ||   634
